 Dungeon Crawl Stone Soup version 0.16.2-12-gd0ad4c3 (webtiles) character file.

3434 Charly the Cleaver (level 10, -19/53 HPs)
             Began as a Vine Stalker Berserker on Oct 9, 2015.
             Was a Priest of Trog.
             Shot with a poisoned arrow by Nessos (20 damage)
             ... on level 4 of the Orcish Mines.
             The game lasted 00:22:21 (1518 turns).

Charly the Cleaver (Vine Stalker Berserker)         Turns: 1518, Time: 00:22:21

Health: -19/53     AC:  7    Str: 19 (23) XL:     10   Next: 5%
Magic:  0/13       EV: 10    Int:  7      God:    Trog [***...]
Gold:   579        SH:  0    Dex: 14      Spells: 0 memorised, 9 levels left

rFire  . . .     SeeInvis .     z - +0 war axe
rCold  . . .     Clarity  .     s - +0 scale mail
rNeg   . . .     SustAb   .     (no shield)
rPois  .         Gourm    .     (no helmet)
rElec  .         Spirit   +     d - +0 cloak
rCorr  .         Warding  .     (no gloves)
rMut   .         Stasis   .     (no boots)
MR     +....                    (no amulet)
Stlth  +.........               (no ring)
                                o - ring of stealth

@: lethally poisoned (-19 -> -23), somewhat resistant to hostile enchantments,
very unstealthy
A: fangs 3, regeneration 2, magic shield, antimagic bite, no device heal 3, rot
immunity
a: Burn Spellbooks, Berserk, Trog's Hand, Renounce Religion


You were on level 4 of the Orcish Mines.
You worshipped Trog.
Trog was most pleased with you.
You were not hungry.

You visited 3 branches of the dungeon, and saw 14 of its levels.

You collected 579 gold pieces.

Inventory:

Hand weapons
 y - a +2 mace of protection
 z - a +0 war axe (weapon)
Missiles
 B - 2 throwing nets (quivered)
Armour
 d - a +0 cloak (worn)
 s - a +0 scale mail (worn)
Magical staves
 g - an uncursed staff of death {unknown}
Jewellery
 o - a ring of stealth (left hand)
 A - an uncursed ring of ice
Scrolls
 b - a scroll of blinking {unknown}
 j - a scroll of remove curse
 l - a scroll of recharging {unknown}
 m - a scroll of identify {unknown}
 p - a scroll of noise {unknown}
 q - a scroll of random uselessness {unknown}
 t - a scroll of enchant armour {unknown}
 v - 2 scrolls of teleportation {unknown}
 w - a scroll of torment {unknown}
Potions
 a - a potion of degeneration
 e - a potion of magic {unknown}
 h - a potion of cancellation {unknown}
 i - 2 potions of curing {unknown}
 k - a potion of invisibility {unknown}
 n - 2 potions of heal wounds {unknown}
 r - a potion of agility {unknown}
 u - a potion of mutation {unknown}
 x - a potion of ambrosia {unknown}
Comestibles
 c - 2 bread rations
 f - 2 meat rations


   Skills:
 + Level 6.3 Fighting
 * Level 11.6 Axes
 - Level 1.5 Armour
 - Level 1.5 Dodging


You had 9 spell levels left.
You didn't know any spells.

Dungeon Overview and Level Annotations

Branches:
Dungeon (9/15)             Temple (1/1) D:4            Lair (0/8) D:9
    Orc (4/4) D:9
    Elf: Orc:3-4

Altars:
Cheibriados
Elyvilon
Fedhas
Makhleb

Annotations:
Orc:4 Nessos


Innate Abilities, Weirdness & Mutations

You have razor-sharp teeth.
You heal very quickly.
When hurt, damage is shared between your health and your magic reserves.
Your bite disrupts and absorbs the magic of your enemies.
Potions and wands cannot restore your health.
You are immune to rotting.


Message History

The poisoned arrow closely misses you.
You see here a poisoned arrow.
You feel sick.
Nessos blinks!
Nessos stands on his hind legs for a moment.
You feel sick.
Nessos shoots a poisoned arrow.
The poisoned arrow hits you.
* * * LOW HITPOINT WARNING * * *
The poisoned arrow burns you.
* * * LOW HITPOINT WARNING * * *
You are lethally poisoned!
Nessos shoots a poisoned arrow.
The poisoned arrow closely misses you.
You see here a poisoned arrow.
Are you sure you want to abandon this character and quit the game? (Confirm with "yes".)
Okay, then.
Drink which item? (? for menu, Esc to quit)
It was a potion of degeneration.
There was something very wrong with that liquid.
You feel weakened.
* * * LOW HITPOINT WARNING * * *
You feel sick.
Nessos shoots a poisoned arrow.
The poisoned arrow hits you!!
You die...

...................
.............$.......
.....#$......(........
........#.............
........^..(.....#...
...........(...c.$§...
.......†).............
......$..............
.....$...@...........
.....................
.........)).........
.......#....)........
.......#..............
.$...#.#................
..$..#.....#...........
......................
#.................#...


You could see Nessos.

Vanquished Creatures
  Fannar (Orc:3)
  Harold (Orc:4)
  Joseph (Orc:1)
  A troll (Orc:4)
  A hippogriff (D:7)
  A water moccasin (D:8)
  An orc warrior (Orc:1)
  An ice beast (Orc:3)
  A sky beast (D:7)
  A necrophage (D:8)
  4 ogres
  A giant frog (D:7)
  A scorpion (D:7)
  A water moccasin skeleton (D:6)
  A centaur zombie (D:6)
  A centaur skeleton (D:8)
  2 hounds
  2 orc wizards
  4 orc priests
  2 worker ants (D:4)
  2 adders
  2 giant mites
  A shadow imp (D:8)
  An adder zombie (D:7)
  48 orcs
  3 hobgoblins (D:1)
  4 kobolds
  A quokka (D:4)
  2 ball pythons (D:4)
  6 bats
  3 giant cockroaches
  A giant newt (D:1)
  6 goblins
  2 rats
111 creatures vanquished.

Notes
Turn   | Place    | Note
--------------------------------------------------------------
     0 | D:1      | Charly, the Vine Stalker Berserker, began the quest for the Orb.
     0 | D:1      | Reached XP level 1. HP: 11/11 MP: 1/1
    29 | D:1      | Reached skill level 3 in Axes
    54 | D:1      | Reached XP level 2. HP: 14/16 MP: 3/3
   135 | D:2      | Found a blossoming altar of Fedhas.
   290 | D:4      | Reached skill level 4 in Axes
   290 | D:4      | Reached XP level 3. HP: 19/19 MP: 2/4
   321 | D:4      | Found a snail-covered altar of Cheibriados.
   349 | D:4      | Reached XP level 4. HP: 19/23 MP: 3/5
   406 | D:5      | Entered Level 5 of the Dungeon
   413 | D:4      | Noticed an ogre
   417 | D:4      | Killed an ogre
   417 | D:4      | Reached skill level 5 in Axes
   417 | D:4      | Reached XP level 5. HP: 27/27 MP: 5/7
   419 | D:4      | Acquired Trog's second power
   420 | D:4      | Found a staircase to the Ecumenical Temple.
   432 | Temple   | Entered the Ecumenical Temple
   583 | D:7      | Noticed an ogre
   588 | D:6      | Noticed an ogre
   591 | D:6      | Killed an ogre
   591 | D:6      | Reached skill level 6 in Axes
   591 | D:6      | Gained mutation: You heal very quickly. [vine stalker growth]
   591 | D:6      | Reached XP level 6. HP: 32/32 MP: 6/8
   672 | D:7      | Reached skill level 7 in Axes
   672 | D:7      | Reached XP level 7. HP: 20/35 MP: 9/9
   688 | D:7      | Noticed a sky beast
   694 | D:7      | Killed a sky beast
   708 | D:7      | Noticed a hippogriff
   786 | D:7      | Killed a hippogriff
   786 | D:7      | Reached skill level 8 in Axes
   876 | D:9      | Found a staircase to the Lair.
   877 | D:9      | Noticed an elephant
   886 | D:8      | Gained mutation: You have razor-sharp teeth. [vine stalker growth]
   886 | D:8      | Reached XP level 8. HP: 37/39 MP: 11/11
  1027 | D:9      | Found a staircase to the Orcish Mines.
  1043 | D:9      | Reached skill level 9 in Axes
  1049 | Orc:1    | Entered Level 1 of the Orcish Mines
  1164 | Orc:1    | Noticed Joseph
  1196 | Orc:1    | Killed Joseph
  1196 | Orc:1    | Reached skill level 10 in Axes
  1196 | Orc:1    | Reached XP level 9. HP: 46/46 MP: 10/12
  1294 | Orc:3    | Noticed Fannar
  1310 | Orc:3    | Killed Fannar
  1310 | Orc:3    | Reached skill level 5 in Fighting
  1368 | Orc:4    | Entered Level 4 of the Orcish Mines
  1368 | Orc:4    | Found a white marble altar of Elyvilon.
  1434 | Orc:4    | Noticed Harold
  1455 | Orc:4    | Killed Harold
  1455 | Orc:4    | Reached skill level 11 in Axes
  1502 | Orc:4    | Reached XP level 10. HP: 25/53 MP: 11/13
  1511 | Orc:4    | Noticed Nessos
  1517 | Orc:4    | HP: 2/53 [Nessos/poisoned arrow (3)]
  1518 | Orc:4    | Shot with a poisoned arrow by Nessos

Action                   |  1- 3 |  4- 6 |  7- 9 | 10-12 || total
-------------------------+-------+-------+-------+-------++-------
Melee: Hand axe          |    56 |    45 |    97 |       ||   198
       War axe           |       |       |    72 |       ||    72
Throw: Throwing net      |       |       |     1 |       ||     1
Invok: Berserk           |     1 |     2 |     6 |       ||     9
       Trog's Hand       |       |       |     1 |       ||     1
  Use: Scroll            |       |       |     2 |       ||     2
       Potion            |       |       |       |     1 ||     1
 Stab: Held in net/web   |       |       |     2 |       ||     2
  Eat: Chunk             |       |     1 |     8 |       ||     9
       Pizza             |       |     1 |       |       ||     1
       Bread ration      |       |       |     1 |       ||     1
